 Dungeon Crawl Stone Soup version 0.22-a0-417-g1387785 (webtiles) character file.

112 Kairos the Skirmisher (level 4, 0/38 HPs)
             Began as a Barachi Fighter on May 14, 2018.
             Slain by Grinder (3 damage)
             ... on level 3 of the Dungeon.
             The game lasted 00:03:23 (2274 turns).

Kairos the Skirmisher (Barachi Fighter)             Turns: 2274, Time: 00:03:24

Health: 0/38       AC: 11    Str: 18    XL:     4   Next: 93%
Magic:  4/4        EV:  8    Int:  8    God:
Gold:   80         SH:  9    Dex: 12    Spells: 3/3 levels left

rFire    . . .     SeeInvis .   g - +1 mace (drain)
rCold    . . .     Gourm    .   c - +0 shield
rNeg     . . .     Faith    .   b - +0 scale mail
rPois    .         Spirit   .   (no helmet)
rElec    .         Reflect  .   q - +0 cloak
rCorr    .         Harm     .   u - +2 pair of gloves
MR       .....                  (no boots)
Stlth    ..........             (no amulet)
HPRegen  0.12/turn              (no ring)
MPRegen  0.09/turn              (no ring)

@: slow
A: +LOS, swims, slowness 1, strong legs 1
a: Hop


You were on level 3 of the Dungeon.
You were hungry.

You visited 1 branch of the dungeon, and saw 3 of its levels.

You collected 80 gold pieces.

Inventory:

Hand Weapons
 a - a +0 war axe
 g - a +1 mace of draining (weapon)
Armour
 b - a +0 scale mail (worn)
 c - a +0 shield (worn)
 q - a +0 cloak (worn)
 u - a +2 pair of gloves (worn)
Wands
 s - a wand of flame (4)
 t - a wand of iceblast (4)
 v - a wand of random effects (26)
Scrolls
 e - 4 scrolls of remove curse {unknown}
 i - 3 scrolls of fog {unknown}
 k - 2 scrolls of identify {unknown}
 l - a scroll of blinking {unknown}
 n - a scroll of noise {unknown}
 p - a scroll of amnesia {unknown}
 r - a scroll of enchant armour {unknown}
Potions
 d - a potion of might
 h - a potion of degeneration {unknown}
 j - a potion of lignification {unknown}
 m - a potion of heal wounds
 o - 2 potions of curing {unknown}
Comestibles
 f - 3 rations


   Skills:
 + Level 4.3 Fighting
 + Level 2.7(3.0) Axes
 + Level 1.7(2.5) Maces & Flails
 + Level 4.1 Armour
 + Level 1.7 Dodging
 + Level 3.9 Shields


You had 3 spell levels left.
You didn't know any spells.
Your spell library was empty.

Dungeon Overview and Level Annotations

Branches:
Dungeon (3/15)

Altars:
Uskayaw

Annotations:
D:3 Grinder


Innate Abilities, Weirdness & Mutations

Shadows flee at your approach. (+LOS)
You can swim through water.
You cover ground slowly.
You can hop short distances.


Message History

Grinder completely misses you. Grinder hits you.
You writhe in agony.
You can move again.
You hit Grinder.
Grinder is moderately wounded.
Grinder gestures at you.
You shrug off the repeated paralysis!
Unknown command.
You closely miss Grinder.
Grinder is moderately wounded.
Grinder gestures at you. Pain shoots through your body!
You barely miss Grinder.
Grinder is moderately wounded.
Grinder hits you.
You writhe in agony.
* * * LOW HITPOINT WARNING * * *
Grinder hits you!
* * * LOW HITPOINT WARNING * * *
You writhe in agony.
You die...

#.#####.## #......
#.# .# ##..... #.#
#.# ##...# #.# #.#
##'## #.#####.# #.##
#.......# #...
#.......## ##...
#........# ##....
#..@5....# #.....
#<.......# ##....
#........# ##...
########.#########..
#............
#############


You could see Grinder.

Vanquished Creatures
  Ijyb (D:3)
  3 adders
  2 worms (D:2)
  2 dart slugs
  An orc (D:3)
  9 bats
  3 giant cockroaches
  4 goblins
  3 hobgoblins
  2 jackals (D:3)
  8 kobolds
  A quokka (D:2)
  3 frilled lizards
  7 rats
49 creatures vanquished.

Notes
Turn   | Place    | Note
-------+----------+-------------------------------------------
     0 | D:1      | Kairos the Barachi Fighter began the quest for the Orb.
     0 | D:1      | Reached XP level 1. HP: 18/18 MP: 1/1
    76 | D:1      | Reached XP level 2. HP: 25/25 MP: 2/2
   620 | D:2      | Reached XP level 3. HP: 30/30 MP: 3/3
  1214 | D:2      | Reached XP level 4. HP: 38/38 MP: 4/4
  1462 | D:3      | Reached skill level 1 in Maces & Flails
  1519 | D:3      | Noticed Ijyb
  1534 | D:3      | Killed Ijyb
  1534 | D:3      | Reached skill level 1 in Dodging
  1568 | D:3      | Found a hide-covered altar of Uskayaw.
  1888 | D:3      | Noticed Grinder
  2246 | D:3      | Paralysed by Grinder for 2 turns
  2269 | D:3      | Paralysed by Grinder for 3 turns
  2274 | D:3      | Slain by Grinder

Vault maps used:
D:1:      onia_arrival_mini_spirals
D:2:      minmay_split_cup_large
D:3:      eat_drink_and_be_merry_uskayaw, first_ration, uniq_ijyb, uniq_grinder

Skill      XL: |  1  2  3  4 |
---------------+-------------+-----
Fighting       | 4 |  4.3
Armour         | 4 |  4.1
Maces & Flails | 1 |  1.7
Dodging        | 1 |  1.7
Axes           | |  2.7
Shields        | |  3.9

Action                   |  1- 3 |  4- 6 || total
-------------------------+-------+-------++-------
Melee: War axe           |    37 |       ||    37
       Mace              |    61 |    59 ||   120
Evoke: Wand              |       |     1 ||     1
  Use: Potion            |       |     1 ||     1
  Eat: Chunk             |     2 |     3 ||     5
Armor: Scale mail        |    45 |    37 ||    82
Dodge: Dodged            |    28 |    28 ||    56
Block: Shield            |    54 |    34 ||    88

Table legend:
 A = Spawn XP
 B = Non-spawn XP
 C = Spawn XP percentage of total XP
 D = Spawn monster count
 E = Non-spawn monster count
 F = Spawn count percentage of total count
 G = Total turns spent on level
                    A         B        C        D         E        F      G
               +---------+---------+-------+---------+---------+-------+---------
         Total |       0 |     160 |   0.0 |       0 |      49 |   0.0 |  2274
               +---------+---------+-------+---------+---------+-------+---------
           D:1 |       0 |      33 |   0.0 |       0 |      20 |   0.0 |   615
           D:2 |       0 |      62 |   0.0 |       0 |      18 |   0.0 |  1101
           D:3 |       0 |      65 |   0.0 |       0 |      11 |   0.0 |   558
               +---------+---------+-------+---------+---------+-------+---------
